 Dungeon Crawl Stone Soup version 0.21.1-1-g345015f (webtiles) character file.

69 Spoonicorn the Skirmisher (level 4, -4/73 HPs)
             Began as an Ogre Berserker on Mar 13, 2018.
             Was a Believer of Trog.
             Slain by a gnoll
             ... wielding a +0 short sword
              (6 damage)
             ... on level 2 of the Dungeon.
             The game lasted 00:03:04 (1202 turns).

Spoonicorn the Skirmisher (Ogre Berserker)          Turns: 1202, Time: 00:03:05

Health: -4/73      AC:  3    Str: 27    XL:     4   Next: 20%
Magic:  4/4        EV: 10    Int:  8    God:    Trog [**....]
Gold:   111        SH:  0    Dex:  8    Spells: 3/3 levels left

rFire    . . .     SeeInvis .   a - +1 mace
rCold    . . .     Gourm    .   (no shield)
rNeg     . . .     Faith    .   b - +0 animal skin
rPois    .         Spirit   .   (helmet restricted)
rElec    .         Reflect  .   (no cloak)
rCorr    .         Harm     .   (gloves unavailable)
MR       .....                  (boots unavailable)
Stlth    ..........             (no amulet)
HPRegen  0.22/turn              (no ring)
MPRegen  0.09/turn              (no ring)

@: berserking, very quick
A: large, unfitting armour, tough skin 1
a: Berserk, Trog's Hand, Burn Spellbooks, Renounce Religion


You were on level 2 of the Dungeon.
You worshipped Trog.
Trog was pleased with you.
You were very hungry.

You visited 1 branch of the dungeon, and saw 3 of its levels.

You collected 111 gold pieces.

Inventory:

Hand Weapons
 a - a +1 mace (weapon)
Armour
 b - a +0 animal skin (worn)
Wands
 h - a wand of random effects (30)
 k - a wand of iceblast (6)
Scrolls
 d - a scroll of identify
Potions
 e - a potion of ambrosia
 f - a potion of curing
 i - a potion of resistance {unknown}
 j - a potion of heal wounds {unknown}
Comestibles
 c - 6 rations
 l - 4 chunks of flesh


   Skills:
 + Level 4.4 Fighting
 * Level 4.0 Maces & Flails
 + Level 3.0 Dodging


You had 3 spell levels left.
You didn't know any spells.

Dungeon Overview and Level Annotations

Branches:
Dungeon (3/15)

Altars:
Xom


Innate Abilities, Weirdness & Mutations

You are too large for most types of armour.
You have tough skin. (AC +1)


Message History

A red film seems to cover your vision as you go berserk!
You feel yourself moving faster!
You feel mighty!
You are feeling very hungry.
The gnoll hits you with a spear!
* * * LOW HITPOINT WARNING * * *
The gnoll hits you with a spear.
* * * LOW HITPOINT WARNING * * *
You sock the gnoll!
You kill the gnoll!
Trog accepts your kill.
Your Maces & Flails skill increases to level 4!
You have reached level 4!
The gnoll hits you with a spear.
* * * LOW HITPOINT WARNING * * *
You sock the gnoll!
You kill the gnoll!
Trog accepts your kill.
Your Dodging skill increases to level 3!
You closely miss the gnoll. The gnoll hits you with a short sword.
You die...

## ########### #..
#.........# #.# #.#######.#
#.# #.# #.# #.####.#####
#.# # #.......g@# #.#
########
#.####.###)###.#####.......
#.# #.# #........##.######
#.. #.###.###.##.##.# #..
#.........##.##.# ##.
#####.######.##.###### #
#....# #.##....... ###.
#.##.# #.##.#####. ....#
#.##.# #.##....##.


You could see a gnoll.

Vanquished Creatures
  2 gnolls (D:2)
  A dart slug (D:1)
  4 leopard geckos
  6 bats
  A giant cockroach (D:1)
  4 goblins
  7 hobgoblins (D:1)
  4 jackals (D:1)
  2 quokkas
  A frilled lizard (D:1)
  4 kobolds
  4 rats (D:1)
40 creatures vanquished.

Vanquished Creatures (others)
  4 toadstools (D:1)
4 creatures vanquished.

Grand Total: 44 creatures vanquished

Notes
Turn   | Place    | Note
-------+----------+-------------------------------------------
     0 | D:1      | Spoonicorn the Ogre Berserker began the quest for the Orb.
     0 | D:1      | Reached XP level 1. HP: 24/24 MP: 1/1
    70 | D:1      | Reached XP level 2. HP: 18/32 MP: 2/2
   291 | D:1      | Reached XP level 3. HP: 27/40 MP: 3/3
   365 | D:1      | Reached ** piety under Trog
   840 | D:2      | Found a shimmering altar of Xom.
  1192 | D:3      | Noticed an ogre
  1200 | D:2      | Reached XP level 4. HP: 5/49 MP: 4/4
  1200 | D:2      | HP: 2/73 [gnoll/spear (4)]
  1202 | D:2      | Slain by a gnoll

Skill      XL: |  1  2  3  4 |
---------------+-------------+-----
Maces & Flails | 3 4 |  4.0
Dodging        | 3 |  3.0
Fighting       | |  4.4

Action                   |  1- 3 |  4- 6 || total
-------------------------+-------+-------++-------
Melee: Mace              |   107 |     2 ||   109
Invok: Berserk           |     1 |       ||     1
Evoke: Wand              |     1 |       ||     1
  Use: Scroll            |     3 |       ||     3
       Potion            |     1 |       ||     1
  Eat: Chunk             |     1 |       ||     1
Armor: Animal skin       |    53 |       ||    53
Dodge: Dodged            |    93 |       ||    93
